Map: Galactic Process LE

Players

Major (SpeCial) - Winner!

  • Race: Terran Terran
  • League: Master

InZaNe

  • Race: Terran Terran
  • League: Master

Event: DreamHack ZOWIE Open Valencia 2016

VOD

Have the link to the VOD?

Description

Time

  • Played on: July 14, 2016, 10:38 a.m.
  • Length: 10:08

All games in this series

Show
View Real Time Build Order
Export as new Build Order

Major Terran - Winner!

Build Orders: Reaper Expand, Mech 

Get SALT Encoding   

  12  0:00  SCV  
  13  0:13  SCV  
  14  0:17  Supply Depot  
  14  0:25  SCV  
  15  0:29  Refinery  
  15  0:39  SCV  
  16  0:45  Barracks  
  16  0:51  SCV  
  17  1:03  SCV  
  18  1:15  SCV  
  19  1:32  Orbital Command, Reaper  
  20  1:52  Command Center  
  20  1:59  Factory  
  20  2:03  SCV  
  21  2:09  Barracks Reactor  
  21  2:16  SCV  
  21  2:17  Supply Depot  
  22  2:28  SCV  
  23  2:40  SCV  
  23  2:43  Hellion  
  26  2:45  Starport  
  26  2:46  Marine x2  
  28  2:51  Refinery  
  28  2:52  SCV  
  29  3:04  Marine x2, SCV  
  29  3:05  Hellion  
  34  3:10  Orbital Command  
  34  3:16  SCV  
  35  3:22  Marine x2  
  35  3:25  Medivac  
  38  3:31  Hellion  
  38  3:32  SCV  
  41  3:36  SCV  
  41  3:39  Marine  
  41  3:40  Marine  
  44  3:44  Supply Depot  
  44  3:48  SCV x2  
  46  4:05  Widow Mine, Medivac, Marine x2  
  46  4:06  SCV x2  
  46  4:08  Supply Depot  
  54  4:29  Marine x2  
  54  4:30  SCV x2  
  57  4:38  Factory Tech Lab  
  56  4:42  SCV x2  
  56  4:43  Command Center  
  57  4:47  Marine x2  
  59  4:56  SCV x2  
  57  5:05  Marine x2  
  54  5:08  Factory Tech Lab, SCV x2  
  54  5:11  Raven  
  54  5:13  Supply Depot  
  58  5:19  Engineering Bay  
  58  5:20  SCV x2  
  60  5:23  Marine x2, Refinery  
  60  5:25  Refinery  
  58  5:31  Cyclone  
  58  5:33  SCV x2  
  62  5:45  SCV x2  
  62  5:47  Factory  
  64  5:50  Factory  
  64  5:54  Missile Turret  
  64  5:57  Supply Depot, SCV x2  
  64  6:01  Barracks Reactor  
  70  6:05  Orbital Command  
  70  6:06  Missile Turret  
  70  6:09  SCV x2, Orbital Command, Viking  
  74  6:15  Missile Turret  
  74  6:19  Siege Tank  
  74  6:21  SCV x2  
  75  6:34  SCV x2, Hellion x2  
  75  6:36  SCV  
  75  6:38  Armory  
  82  6:46  SCV x2  
  84  6:48  SCV  
  84  6:50  Viking x2  
  89  6:56  Supply Depot x2  
  89  6:58  SCV x2  
  89  7:00  SCV  
  92  7:02  Supply Depot  
  92  7:04  Siege Tank x2  
  98  7:09  Hellion  
  98  7:10  SCV  
  98  7:11  Supply Depot  
  98  7:15  SCV  
  101  7:17  SCV, Hellion  
  101  7:22  SCV, Viking x2  
  104  7:27  SCV  
  104  7:28  Refinery  
  104  7:29  SCV, Refinery  
  108  7:34  SCV  
  107  7:38  Hellion, Siege Tank x2  
  107  7:39  SCV, Terran Vehicle Weapons Level 1  
  107  7:41  SCV  
  117  7:46  SCV  
  117  7:47  Hellion  
  117  7:50  Factory  
  120  7:51  SCV  
  120  7:57  Factory  
  119  7:59  Hellion  
  119  8:04  SCV  
  123  8:08  Hellion  
  124  8:13  Siege Tank x2  
  124  8:16  Supply Depot  
  124  8:17  Supply Depot  
  126  8:20  Hellion, Infernal Pre-Igniter  
  126  8:25  Command Center  
  126  8:26  Armory  
  128  8:32  Medivac  
  130  8:35  Hellion  
  130  8:37  Medivac  
  130  8:38  SCV  
  135  8:42  Hellion  
  135  8:45  Factory Tech Lab, Factory Reactor  
  135  8:47  Hellion x2  
  141  8:56  Hellion  
  141  9:02  Supply Depot  
  131  9:04  Hellion, Siege Tank  
  131  9:08  Siege Tank  
  135  9:15  Viking x2  
  137  9:17  Supply Depot, Siege Tank  
  137  9:18  Hellion  
  142  9:26  Hellion  
  142  9:28  Supply Depot x2  
  142  9:30  Supply Depot  
  144  9:34  Hellion x2  
  151  9:39  Hellion  
  156  9:47  Hellion  
Show
View Real Time Build Order
Export as new Build Order

InZaNe Terran 

Build Orders: Reaper Expand, MMM Bio, Banshee Rush 

Get SALT Encoding   

  12  0:00  SCV  
  13  0:13  SCV  
  14  0:17  Supply Depot  
  14  0:25  SCV  
  15  0:39  SCV  
  15  0:40  Barracks  
  16  0:44  Refinery  
  16  0:51  SCV  
  17  1:03  SCV  
  18  1:15  SCV  
  19  1:28  Orbital Command, Reaper  
  19  1:54  SCV  
  19  1:55  Command Center  
  19  2:00  Reaper  
  21  2:02  Supply Depot  
  21  2:06  SCV  
  22  2:19  SCV  
  22  2:22  Factory  
  23  2:26  Refinery  
  23  2:31  SCV  
  24  2:43  SCV  
  25  2:48  Barracks Reactor  
  25  2:55  SCV  
  26  3:07  SCV  
  26  3:08  Starport  
  26  3:09  Factory Tech Lab  
  26  3:10  Orbital Command  
  27  3:19  SCV  
  28  3:25  Marine x2  
  30  3:31  SCV  
  31  3:36  Command Center  
  31  3:39  SCV  
  31  3:40  Factory Tech Lab  
  32  3:43  SCV  
  32  3:48  Marine x2  
  34  3:51  SCV, Cloaking Field  
  36  3:55  Banshee  
  36  3:57  SCV  
  40  4:05  Supply Depot, SCV  
  40  4:09  Cyclone  
  45  4:12  Marine  
  46  4:19  Supply Depot  
  46  4:26  Marine  
  46  4:27  SCV x2  
  49  4:38  Marine  
  45  4:39  SCV x2  
  45  4:44  Marine, Siege Tank  
  46  4:51  SCV  
  46  4:52  Orbital Command  
  38  5:09  SCV x2  
  38  5:11  Marine  
  38  5:13  Marine  
  42  5:14  Banshee  
  42  5:19  SCV  
  45  5:21  SCV  
  45  5:25  SCV  
  46  5:33  SCV x2  
  46  5:37  SCV  
  46  5:43  Marine  
  46  5:45  SCV  
  46  5:46  SCV  
  46  5:51  Hellion  
  48  6:03  Barracks  
  48  6:06  Banshee  
  48  6:07  Marine  
  48  6:08  SCV  
  53  6:12  SCV x2  
  54  6:19  Refinery  
  54  6:20  SCV  
  54  6:21  Refinery  
  54  6:22  Stimpack  
  54  6:24  Barracks  
  54  6:25  Marine  
  56  6:30  Factory Tech Lab  
  53  6:33  SCV  
  53  6:34  SCV  
  53  6:36  Bunker  
  53  6:38  SCV  
  56  6:43  Marine  
  56  6:45  SCV  
  56  6:46  SCV  
  58  6:51  SCV  
  58  6:52  Marine x2  
  61  6:58  SCV x2  
  63  7:02  Starport Reactor  
  63  7:03  SCV, Marine, Barracks x2  
  65  7:09  Siege Tank  
  65  7:13  Supply Depot  
  67  7:20  SCV x2  
  66  7:23  Marine x2  
  66  7:24  Barracks Reactor  
  67  7:32  SCV  
  67  7:38  SCV  
  67  7:40  Viking x2  
  67  7:42  Marine, Marauder, Orbital Command  
  75  7:44  SCV  
  75  7:45  Marine  
  75  7:50  SCV  
  75  7:51  Barracks Reactor x2  
  78  7:57  SCV  
  78  7:58  Supply Depot x2  
  79  8:02  Marine x2, SCV  
  82  8:09  SCV x2  
  82  8:10  Marine  
  85  8:19  Marine x2, Medivac x2  
  92  8:20  SCV  
  92  8:21  SCV  
  92  8:22  SCV, Combat Shields  
  92  8:23  Refinery  
  92  8:26  Refinery  
  94  8:28  Marine, Engineering Bay  
  94  8:30  Engineering Bay  
  94  8:32  SCV  
  94  8:33  SCV  
  94  8:34  Marine, SCV  
  101  8:38  Marine x2  
  103  8:47  SCV x3  
  104  8:50  Marine, Marauder  
  104  8:51  Marine  
  104  8:54  Barracks Tech Lab  
  107  8:59  SCV, Marine x2  
  107  9:00  Marine  
  92  9:04  Medivac x2  
  92  9:08  Marine  
  92  9:09  Marine  
  88  9:11  Marine  
  88  9:12  Marine  
  86  9:17  Marine x2  
  86  9:18  Marine  
  86  9:20  Barracks  
  87  9:26  Marine  
  87  9:27  Marine  
  87  9:29  Marine  
  87  9:30  Marine  
  91  9:35  Marine  
  91  9:36  Marauder  
  92  9:41  Marine  
  92  9:43  Marine  
  96  9:46  Marine  

Tags
 
Add a new tag
Caveats
  • Supply blocks, unpowered buildings, or Contaminate may cause inaccurate times.
  • Supply counts are checked every 10 seconds.